 Dungeon Crawl Stone Soup version 0.27-a0-1431-gcffa5a9b16 (webtiles) character file.

Game seed: 8047076845703185628

5391 Sobieck the Frost Mage (level 10, 0/59 (74) HPs)
             Began as a Gnoll Ice Elementalist on July 2, 2021.
             Was a Follower of Cheibriados.
             Slain by a wight (1 damage)
             ... on level 7 of the Dungeon.
             The game lasted 00:20:45 (7247 turns).

Sobieck the Frost Mage (Gnoll Ice Elementalist)     Turns: 7247, Time: 00:20:46

HP:   0/59 (74)     AC: 17    Str: 10    XL:     10   Next: 66%
MP:   16/21         EV: 15    Int: 27    God:    Cheibriados [*.....]
Gold: 296           SH:  0    Dex: 16    Spells: 10/24 levels left

rFire    + . .     SeeInvis +   a - +9 war axe "Newtbane" {drain, +Rage rElec Int+6, axe}
rCold    . . .     Faith    .   (no shield)
rNeg     . . .     Spirit   .   y - +1 robe "Xarawuc" {rElec Will++}
rPois    .         Reflect  .   s - +2 helmet {SInv}
rElec    +         Harm     .   (no cloak)
rCorr    .         Rampage  .   (no gloves)
Will     ++...                  E - +0 pair of boots
Stlth    ++++......             h - amulet of regeneration {@e2}
HPRegen  1.19/turn              x - ring of protection from fire
MPRegen  0.17/turn              (no ring)

@: ice-armoured, heavily drained, very slow
A: fangs 1, strong nose, distributed training
a: Renounce Religion, Evoke Berserk Rage, Bend Time


You were on level 7 of the Dungeon.
You worshipped Cheibriados.
Cheibriados was aware of your devotion.
You visited 2 branches of the dungeon, and saw 10 of its levels.

You collected 296 gold pieces.


Innate Abilities, Weirdness & Mutations

You have very sharp teeth.
Your uncanny sense of smell can sniff out nearby items.
Your experience applies equally to all skills.


   Skills:
 + Level 5.5 Fighting
 + Level 5.5 Short Blades
 + Level 5.5 Long Blades
 + Level 5.5 Axes
 + Level 5.5 Maces & Flails
 + Level 5.5 Polearms
 + Level 5.5 Staves
 + Level 5.5 Slings
 + Level 5.5 Bows
 + Level 5.5 Crossbows
 + Level 5.5 Throwing
 + Level 5.5 Armour
 + Level 7.2 Dodging
 + Level 7.0 Stealth
 + Level 5.5 Shields
 + Level 5.5 Unarmed Combat
 + Level 7.5 Spellcasting
 + Level 4.5 Conjurations
 + Level 4.5 Hexes
 + Level 4.5 Summonings
 + Level 4.5 Necromancy
 + Level 4.5 Translocations
 + Level 4.5 Transmutations
 + Level 4.5 Fire Magic
 + Level 8.5 Ice Magic
 + Level 4.5 Air Magic
 + Level 4.5 Earth Magic
 + Level 4.5 Poison Magic
 + Level 6.0 Invocations
 + Level 5.5 Evocations


You had 10 spell levels left.
You knew the following spells:

 Your Spells              Type           Power      Damage    Failure   Level
a - Freeze                Ice            100%       1d11      1%          1
b - Frozen Ramparts       Ice            100%       1d12      1%          3
c - Ozocubu's Armour      Ice            54%        N/A       1%          3
d - Olgreb's Toxic Radia  Pois           34%        N/A       9%          4
e - Ignite Poison         Fire/Tmut/Pois 34%        N/A       2%          3

Your spell library contained the following spells:

 Spells                   Type           Power      Damage    Failure   Level
 Foxfire                  Conj/Fire      100%       2x1d9     1%          1
 Sting                    Tmut/Pois      100%       1d8       1%          1
 Passwall                 Tmut/Erth      28%        N/A       1%          2
 Poisonous Vapours        Pois/Air       68%        N/A       1%          2
 Slow                     Hex            34%        N/A       1%          2
 Confusing Touch          Hex            34%        N/A       2%          3
 Conjure Flame            Conj/Fire      34%        6-21      2%          3
 Gell's Gravitas          Tloc           17%        N/A       2%          3
 Inner Flame              Hex/Fire       34%        N/A       2%          3
 Mephitic Cloud           Conj/Pois/Air  34%        N/A       2%          3
 Swiftness                Air            34%        N/A       2%          3
 Teleport Other           Tloc           34%        N/A       2%          3
 Vampiric Draining        Necr           17%        2d8       2%          3
 Hailstorm                Conj/Ice       45%        3d10      3%          4
 Sticky Flame             Conj/Fire      34%        2d5       9%          4
 Metabolic Englaciation   Hex/Ice        22%        N/A       11%         5
 Bolt of Magma            Conj/Fire/Erth 17%        4d9       24%         5
 Iskenderun's Battlesphe  Conj           34%        2d9       24%         5
 Dispersal                Tloc           17%        N/A       78%         6
 Invisibility             Hex            17%        N/A       78%         6
 Iron Shot                Conj/Erth      17%        9d4       78%         6
 Spellforged Servitor     Conj/Summ      17%        N/A       100%        7

Inventory:

Hand Weapons
 a - the +9 war axe "Newtbane" (weapon) {drain, +Rage rElec Int+6, axe}
   (You found it on level 5 of the Dungeon)

   A truly terrible weapon, it drains the life of those it strikes.
   Int:       It affects your intelligence (+6).
   rElec:     It insulates you from electricity.
   +Rage:     It lets you go berserk.
 b - a +0 hunting sling {sling}
   (You found it on level 3 of the Dungeon)
 o - a +1 short sword of distortion {!wshort}
   (You took it off a kobold on level 2 of the Dungeon)
 t - a +1 whip of flaming {mace}
   (You took it off Pikel on level 4 of the Dungeon)
 v - a +0 quarterstaff {staff}
   (You found it on level 1 of the Dungeon)
Missiles
 d - 243 stones {throwing}
 e - 114 sling bullets
 g - 10 poisoned darts (quivered) {throwing}
 l - 34 bolts
 p - 97 arrows
 q - 9 boomerangs {throwing}
 z - 7 curare-tipped darts {=fthrowing}
 C - a throwing net {=f!fthrowing}
 D - 5 silver boomerangs {throwing}
Armour
 m - the +0 helmet of Inviolability {Dex+4}
   (You took it off Robin on level 2 of the Dungeon)

   Dex:       It affects your dexterity (+4).
 r - a +1 robe
 s - a +2 helmet of see invisible (worn)
   (You found it on level 4 of the Dungeon)
 y - the +1 robe "Xarawuc" (worn) {rElec Will++}
   (You found it on level 5 of the Dungeon)

   rElec:     It insulates you from electricity.
   Will:      It greatly increases your willpower.
 B - the +2 robe "Siusaz" {rN+ MP-9 Str+2 Stlth+}
   (You found it on level 6 of the Dungeon)

   Str:       It affects your strength (+2).
   rN:        It protects you from negative energy.
   MP:        It affects your magic capacity (-9).
   Stlth:     It makes you more stealthy.
 E - a +0 pair of boots (worn)
   (You found it on level 7 of the Dungeon)
Jewellery
 h - an amulet of regeneration (around neck) {@e2}
   (You found it on level 1 of the Dungeon)
 x - a ring of protection from fire (left hand)
   (You found it on level 5 of the Dungeon)
Scrolls
 j - 2 scrolls of noise {!r}
 k - a scroll of teleportation {@r4}
 u - a scroll of blinking {!r}
 A - a scroll of enchant armour
 G - a scroll of silence {!r}
Potions
 c - 4 potions of curing {@q1}
 f - 4 potions of degeneration {unknown}
 i - 2 potions of haste {unknown}
 n - 3 potions of flight {unknown}
 w - a potion of resistance {unknown}
 F - a potion of might {unknown}

Dungeon Overview and Level Annotations

Branches:
Dungeon (9/15)             Temple (1/1) D:5
   Lair: D:8-11         Orc: D:9-12

Altars:
Ashenzari
Cheibriados
Dithmenos
Elyvilon
Gozag
Hepliaklqana
Kikubaaqudgha
Makhleb
Nemelex Xobeh
Qazlal
Ru
Sif Muna
Trog
Uskayaw
Vehumet
Wu Jian
Zin

Shops:
D:4 (

Annotations:
D:6 4 runed translucent doors

#...##.## .. ..# #.......#
##.. .
#.#####.......####.... #.
#z.............##..... #.
#...###.....###....... #..
#.# ##...## ##......
#...###.######...#
###..##..
#.......z).....###....##..
##......@................
#....######.....###......
#...>....# #...### ##.....
............# ##.## #.....
..........##.. ..# #.....
........... ..#.. #..#...
...........# ##...
...##... ...........# #..#
##.# ..........# ##. ##..


You could see a wight.


Message History

You take 8 damage, and now have 52/69 hp.
You slash the wight!
The wight hits you from afar with a +4 spear of freezing!
You feel drained. The wight freezes you.
The wight completely misses you. 😮 HP[-9]
You now have 67 max hp (-2).
You take 9 damage, and now have 43/67 hp.
You barely miss the wight. The wight barely misses you.
The wight hits you with a +0 mace!
You feel drained. 😮 HP[-10]
You now have 65 max hp (-2).
You take 10 damage, and now have 33/65 hp.
You hit the wight. Your bite misses the wight. You hit the wight.
The wight barely misses you. x2; The wight hits you with a +0 mace.
* * * LOW HITPOINT WARNING * * *
You feel drained.
* * * LOW HITPOINT WARNING * * *
😨 HP[-4]
You now have 64 max hp (-1).
You take 4 damage, and now have 29/64 hp.
You feel better. The wight misses you. The wight hits you with a +0 scimitar.
* * * LOW HITPOINT WARNING * * *
You feel drained.
* * * LOW HITPOINT WARNING * * *
The wight misses you. 😨 HP[+1]
You now have 63 max hp (-1).
You slash the wight! You closely miss the wight.
The wight hits you from afar with a +4 spear of freezing.
* * * LOW HITPOINT WARNING * * *
You feel drained.
* * * LOW HITPOINT WARNING * * *
The wight freezes you.
* * * LOW HITPOINT WARNING * * *
The wight hits you with a +0 scimitar.
* * * LOW HITPOINT WARNING * * *
The wight closely misses you. The wight hits you but does no damage.
The wight completely misses you. The wight hits you with a +0 scimitar.
* * * LOW HITPOINT WARNING * * *
😨 HP[-14]
You now have 61 max hp (-2).
You take 14 damage, and now have 16/61 hp.
MASSIVE DAMAGE!! (PAUSE)
You hit the wight. x2
You destroy the wight!
Cheibriados appreciates the change of pace.
The wight barely misses you. The wight closely misses you. 😨 HP[+2]
You now have 62 max hp (+1).
You regained 2 hp, and now have 18/62 hp.
Okay, then.
Casting: Frozen Ramparts (safe; 1% risk of failure)
Confirm with . or Enter, or press ? or * to list all spells.
A film of ice covers your body!
The wight hits you but does no damage. x2 😨 HP[+1] MP[-3]
You lost 3 mp, and now have 18/21 mp.
You barely miss the wight. Your punch misses the wight.
The wight closely misses you. The wight hits you with a +0 scimitar.
* * * LOW HITPOINT WARNING * * *
😨 HP[-1]
You take 1 damage, and now have 18/62 hp.
You slash the wight!
You destroy the wight!
Cheibriados appreciates the change of pace.
The wight hits you from afar with a +4 spear of freezing.
* * * LOW HITPOINT WARNING * * *
You feel drained.
* * * LOW HITPOINT WARNING * * *
The wight freezes you.
* * * LOW HITPOINT WARNING * * *
😱 HP[-3]
You now have 61 max hp (-1).
You take 3 damage, and now have 15/61 hp.
Your icy armour will break if you move.
Continue?
Your icy armour cracks and falls away as you move.
The wight hits you with a +4 spear of freezing.
* * * LOW HITPOINT WARNING * * *
You feel drained.
* * * LOW HITPOINT WARNING * * *
The wight freezes you.
* * * LOW HITPOINT WARNING * * *
The wight closely misses you.
Things that are here:
a +0 mace {mace}; a +0 robe; 😱 HP[-7]
You now have 59 max hp (-2).
You take 7 damage, and now have 8/59 hp.
Casting: Ozocubu's Armour (safe; 1% risk of failure)
Confirm with . or Enter, or press ? or * to list all spells.
A film of ice covers your body! The wight misses you. 😱 HP[+1] MP[-2]
You lost 2 mp, and now have 16/21 mp.
You hit the wight. You bite the wight, but do no damage.
The wight misses you. 😱 HP[+1]
You hit the wight but do no damage.
The wight hits you with a +4 spear of freezing!
* * * LOW HITPOINT WARNING * * *
The wight freezes you.
You die...

Skill      XL: |  1  2  3  4  5  6  7  8  9 10 |
---------------+-------------------------------+-----
Spellcasting   | 5 6 7 |  7.5
Invocations    | 1 2 3 4 5 6 |  6.0
Fighting       | 1 2 3 4 5 |  5.5
Short Blades   | 1 2 3 4 5 |  5.5
Long Blades    | 1 2 3 4 5 |  5.5
Axes           | 1 2 3 4 5 |  5.5
Maces & Flails | 1 2 3 4 5 |  5.5
Polearms       | 1 2 3 4 5 |  5.5
Staves         | 1 2 3 4 5 |  5.5
Slings         | 1 2 3 4 5 |  5.5
Bows           | 1 2 3 4 5 |  5.5
Crossbows      | 1 2 3 4 5 |  5.5
Throwing       | 1 2 3 4 5 |  5.5
Armour         | 1 2 3 4 5 |  5.5
Shields        | 1 2 3 4 5 |  5.5
Unarmed Combat | 1 2 3 4 5 |  5.5
Evocations     | 1 2 3 4 5 |  5.5
Conjurations   | 1 2 3 4 |  4.5
Hexes          | 1 2 3 4 |  4.5
Summonings     | 1 2 3 4 |  4.5
Necromancy     | 1 2 3 4 |  4.5
Translocations | 1 2 3 4 |  4.5
Transmutations | 1 2 3 4 |  4.5
Fire Magic     | 1 2 3 4 |  4.5
Air Magic      | 1 2 3 4 |  4.5
Earth Magic    | 1 2 3 4 |  4.5
Poison Magic   | 1 2 3 4 |  4.5
Dodging        | 5 6 7 |  7.2
Stealth        | 5 6 7 |  7.0
Ice Magic      | 8 |  8.5

Action                   |  1- 3 |  4- 6 |  7- 9 | 10-12 || total
-------------------------+-------+-------+-------+-------++-------
Melee: Quarterstaff      |    40 |   118 |    26 |       ||   184
       Bite              |     1 |     9 |     6 |     7 ||    23
       War axe           |       |       |    84 |    48 ||   132
       Punch             |       |       |     1 |     2 ||     3
 Fire: Hunting sling     |       |     2 |    10 |     1 ||    13
Throw: Dart              |       |     1 |       |     1 ||     2
 Cast: Freeze            |    27 |     7 |     7 |       ||    41
       Ozocubu's Armour  |     1 |     4 |     6 |    10 ||    21
       Frozen Ramparts   |       |    20 |    12 |     7 ||    39
       Olgreb's Toxic Ra |       |       |       |     2 ||     2
       Ignite Poison     |       |       |       |     2 ||     2
  Use: Scroll            |       |     7 |     3 |       ||    10
       Potion            |       |       |       |     1 ||     1
 Stab: Sleeping          |       |     7 |     5 |     1 ||    13
       Distracted        |       |     1 |       |       ||     1
Armor: Robe              |    23 |    32 |    34 |     9 ||    98
Dodge: Dodged            |    60 |    96 |   110 |    49 ||   315

Levels and vault maps discovered:
D:1:      sevenhm_arrival_forest_fort_small_4, layout_basic
D:2:      layout_basic, uniq_terence, uniq_robin, uniq_natasha
D:3:      minmay_wonky_spiral, layout_basic, lemuel_tele_altar
D:4:      layout_basic, gammafunk_temple_overflow_claw, serial_shops, shop,
          dk_noncrumbling_4, roderic_roman_lattice, kennysheep_doodads,
          uniq_pikel
D:5:      layout_gridville, minmay_temple_entry_large_hall, serial_bayou_pond_a,
          uniq_prince_ribbit1
D:6:      layout_loops_ring, lemuel_blue_sif_altar, kennysheep_mini,
          overflow_temple_1_default, nemelex_diamond_rough_becter,
          minmay_hollow_rounded_squares
D:7:      layout_layer_cave, gammafunk_ghost_abyssal_escape, uniq_joseph
D:8:      layout_loops_ring, nicolae_overflow_quartered_altars, enter_ossuary_1,
          uniq_erica, uniq_gastronok, uniq_maurice, uniq_grum
D:9:      layout_gridville, doesnt_xom_only_xom, uniq_harold
Temple:   compressed_dpeg_triangle_lava_temple

Notes
Turn   | Place    | Note
-------+----------+-------------------------------------------
     0 | D:1      | Sobieck the Gnoll Ice Elementalist began the quest for the
                  | Orb.
     0 | D:1      | Reached XP level 1. HP: 13/13 MP: 6/6
     0 | D:1      | magus.rc [v1.9.6]
   219 | D:1      | Reached XP level 2. HP: 9/19 MP: 4/7
   812 | D:1      | Reached XP level 3. HP: 24/25 MP: 6/9
   817 | D:1      | Reached skill level 5 in Spellcasting
   979 | D:1      | Learned a level 3 spell: Frozen Ramparts
   983 | D:1      | Learned a level 3 spell: Ozocubu's Armour
  1110 | D:2      | Reached skill level 1 in Invocations
  1148 | D:2      | You fall into a shaft and drop 2 floors!
  1208 | D:4      | Found Ublun's Weapon Shoppe.
  1234 | D:4      | Reached skill level 1 in Fighting
  1234 | D:4      | Reached skill level 1 in Short Blades
  1234 | D:4      | Reached skill level 1 in Long Blades
  1234 | D:4      | Reached skill level 1 in Axes
  1234 | D:4      | Reached skill level 1 in Maces & Flails
  1234 | D:4      | Reached skill level 1 in Polearms
  1234 | D:4      | Reached skill level 1 in Staves
  1234 | D:4      | Reached skill level 1 in Slings
  1234 | D:4      | Reached skill level 1 in Bows
  1234 | D:4      | Reached skill level 1 in Crossbows
  1234 | D:4      | Reached skill level 1 in Throwing
  1234 | D:4      | Reached skill level 1 in Armour
  1234 | D:4      | Reached skill level 1 in Shields
  1234 | D:4      | Reached skill level 1 in Unarmed Combat
  1234 | D:4      | Reached skill level 1 in Evocations
  1234 | D:4      | Reached XP level 4. HP: 25/32 MP: 9/11
  1310 | D:5      | Entered Level 5 of the Dungeon
  1340 | D:4      | Reached skill level 1 in Conjurations
  1340 | D:4      | Reached skill level 1 in Hexes
  1340 | D:4      | Reached skill level 1 in Summonings
  1340 | D:4      | Reached skill level 1 in Necromancy
  1340 | D:4      | Reached skill level 1 in Translocations
  1340 | D:4      | Reached skill level 1 in Transmutations
  1340 | D:4      | Reached skill level 1 in Fire Magic
  1340 | D:4      | Reached skill level 1 in Air Magic
  1340 | D:4      | Reached skill level 1 in Earth Magic
  1340 | D:4      | Reached skill level 1 in Poison Magic
  1374 | D:4      | Found a hide-covered altar of Uskayaw.
  1374 | D:4      | Found a hazy altar of Hepliaklqana.
  1375 | D:4      | Found an ornate altar of the Wu Jian Council.
  1528 | D:2      | Reached XP level 5. HP: 37/37 MP: 8/12
  1539 | D:2      | Identified the +0 helmet of Inviolability {Dex+4}
  1539 | D:2      | Noticed Robin
  1549 | D:2      | Killed Robin
  1854 | D:2      | Noticed Terence
  1862 | D:2      | Killed Terence
  2267 | D:2      | Noticed Natasha
  2271 | D:2      | Killed Natasha
  2466 | D:2      | Noticed Natasha
  2474 | D:2      | Killed Natasha
  2475 | D:2      | Reached skill level 2 in Invocations
  2475 | D:2      | Reached XP level 6. HP: 44/44 MP: 9/13
  2674 | D:2      | Noticed Natasha
  2680 | D:2      | Killed Natasha
  2812 | D:3      | Reached skill level 5 in Dodging
  2823 | D:3      | Found a glowing silver altar of Zin.
  2941 | D:3      | Reached skill level 2 in Fighting
  2941 | D:3      | Reached skill level 2 in Short Blades
  2941 | D:3      | Reached skill level 2 in Long Blades
  2941 | D:3      | Reached skill level 2 in Axes
  2941 | D:3      | Reached skill level 2 in Maces & Flails
  2941 | D:3      | Reached skill level 2 in Polearms
  2941 | D:3      | Reached skill level 2 in Staves
  2941 | D:3      | Reached skill level 2 in Slings
  2941 | D:3      | Reached skill level 2 in Bows
  2941 | D:3      | Reached skill level 2 in Crossbows
  2941 | D:3      | Reached skill level 2 in Throwing
  2941 | D:3      | Reached skill level 2 in Armour
  2941 | D:3      | Reached skill level 2 in Shields
  2941 | D:3      | Reached skill level 2 in Unarmed Combat
  2941 | D:3      | Reached skill level 2 in Evocations
  3231 | D:3      | You add the spells Gell's Gravitas, Teleport Other and
                  | Dispersal to your library.
  3651 | D:4      | Noticed a wyvern
  3663 | D:4      | Killed a wyvern
  3664 | D:4      | Reached XP level 7. HP: 20/51 MP: 9/15
  3669 | D:4      | Reached skill level 2 in Conjurations
  3669 | D:4      | Reached skill level 2 in Hexes
  3669 | D:4      | Reached skill level 2 in Summonings
  3669 | D:4      | Reached skill level 2 in Necromancy
  3669 | D:4      | Reached skill level 2 in Translocations
  3669 | D:4      | Reached skill level 2 in Transmutations
  3669 | D:4      | Reached skill level 2 in Fire Magic
  3669 | D:4      | Reached skill level 2 in Air Magic
  3669 | D:4      | Reached skill level 2 in Earth Magic
  3669 | D:4      | Reached skill level 2 in Poison Magic
  4068 | D:4      | Noticed Pikel
  4075 | D:4      | Killed Pikel
  4076 | D:4      | Reached skill level 3 in Fighting
  4076 | D:4      | Reached skill level 3 in Short Blades
  4076 | D:4      | Reached skill level 3 in Long Blades
  4076 | D:4      | Reached skill level 3 in Axes
  4076 | D:4      | Reached skill level 3 in Maces & Flails
  4076 | D:4      | Reached skill level 3 in Polearms
  4076 | D:4      | Reached skill level 3 in Staves
  4076 | D:4      | Reached skill level 3 in Slings
  4076 | D:4      | Reached skill level 3 in Bows
  4076 | D:4      | Reached skill level 3 in Crossbows
  4076 | D:4      | Reached skill level 3 in Throwing
  4076 | D:4      | Reached skill level 3 in Armour
  4076 | D:4      | Reached skill level 5 in Stealth
  4076 | D:4      | Reached skill level 3 in Shields
  4076 | D:4      | Reached skill level 3 in Unarmed Combat
  4076 | D:4      | Reached skill level 6 in Spellcasting
  4076 | D:4      | Reached skill level 3 in Invocations
  4076 | D:4      | Reached skill level 3 in Evocations
  4076 | D:4      | Reached XP level 8. HP: 58/58 MP: 8/17
  4662 | D:5      | You pick up a book of Burglary and begin reading...
  4662 | D:5      | You add the spells Passwall, Swiftness and Invisibility to
                  | your library.
  4666 | D:5      | Identified the +9 war axe "Newtbane" {drain, +Rage rElec
                  | Int+6}
  4697 | D:5      | You pick up a book of Flames and begin reading...
  4697 | D:5      | You add the spells Foxfire, Conjure Flame and Inner Flame
                  | to your library.
  4703 | D:6      | Found a stormy altar of Qazlal.
  4729 | D:6      | You add the spells Sting, Poisonous Vapours and Olgreb's
                  | Toxic Radiance to your library.
  4748 | D:6      | You add the spells Ignite Poison and Sticky Flame to your
                  | library.
  4766 | D:6      | Found a sparkling altar of Nemelex Xobeh.
  4809 | D:5      | You pick up a book of Power and begin reading...
  4809 | D:5      | You add the spells Iskenderun's Battlesphere, Iron Shot and
                  | Spellforged Servitor to your library.
  4858 | D:5      | You pick up a book of Frost and begin reading...
  4882 | D:5      | Reached skill level 4 in Invocations
  4944 | D:5      | Found a staircase to the Ecumenical Temple.
  4953 | Temple   | Entered the Ecumenical Temple
  5055 | Temple   | Became a worshipper of Cheibriados the Contemplative
  5090 | D:5      | Identified the +1 robe "Xarawuc" {rElec Will++}
  5119 | D:5      | Reached skill level 3 in Conjurations
  5119 | D:5      | Reached skill level 3 in Hexes
  5119 | D:5      | Reached skill level 3 in Summonings
  5119 | D:5      | Reached skill level 3 in Necromancy
  5119 | D:5      | Reached skill level 3 in Translocations
  5119 | D:5      | Reached skill level 3 in Transmutations
  5119 | D:5      | Reached skill level 3 in Fire Magic
  5119 | D:5      | Reached skill level 3 in Air Magic
  5119 | D:5      | Reached skill level 3 in Earth Magic
  5119 | D:5      | Reached skill level 3 in Poison Magic
  5213 | D:5      | Reached skill level 6 in Dodging
  5213 | D:5      | Reached XP level 9. HP: 65/65 MP: 18/18
  5278 | D:5      | Reached skill level 4 in Fighting
  5278 | D:5      | Reached skill level 4 in Short Blades
  5278 | D:5      | Reached skill level 4 in Long Blades
  5278 | D:5      | Reached skill level 4 in Axes
  5278 | D:5      | Reached skill level 4 in Maces & Flails
  5278 | D:5      | Reached skill level 4 in Polearms
  5278 | D:5      | Reached skill level 4 in Staves
  5278 | D:5      | Reached skill level 4 in Slings
  5278 | D:5      | Reached skill level 4 in Bows
  5278 | D:5      | Reached skill level 4 in Crossbows
  5278 | D:5      | Reached skill level 4 in Throwing
  5278 | D:5      | Reached skill level 4 in Armour
  5278 | D:5      | Reached skill level 4 in Shields
  5278 | D:5      | Reached skill level 4 in Unarmed Combat
  5278 | D:5      | Reached skill level 4 in Evocations
  5297 | D:5      | You add the spells Mephitic Cloud and Bolt of Magma to your
                  | library.
  5368 | D:5      | Noticed Prince Ribbit
  5382 | D:5      | Killed Prince Ribbit
  5479 | D:7      | Reached skill level 6 in Stealth
  5479 | D:7      | Reached skill level 8 in Ice Magic
  5597 | D:6      | Found a large runed translucent door.
  5598 | D:6      | Found a large runed translucent door.
  5656 | D:6      | Found a large runed translucent door.
  5656 | D:6      | Found a large runed translucent door.
  5657 | D:6      | Noticed a skeletal warrior
  5719 | D:6      | Reached * piety under Cheibriados
  5754 | D:6      | Noticed a hornet
  5759 | D:6      | Killed a hornet
  5866 | D:6      | Reached skill level 5 in Invocations
  5927 | D:6      | Noticed a boulder beetle
  5935 | D:6      | Killed a boulder beetle
  5936 | D:6      | Reached skill level 7 in Spellcasting
  5936 | D:6      | Reached skill level 4 in Conjurations
  5936 | D:6      | Reached skill level 4 in Hexes
  5936 | D:6      | Reached skill level 4 in Summonings
  5936 | D:6      | Reached skill level 4 in Necromancy
  5936 | D:6      | Reached skill level 4 in Translocations
  5936 | D:6      | Reached skill level 4 in Transmutations
  5936 | D:6      | Reached skill level 4 in Fire Magic
  5936 | D:6      | Reached skill level 4 in Air Magic
  5936 | D:6      | Reached skill level 4 in Earth Magic
  5936 | D:6      | Reached skill level 4 in Poison Magic
  5936 | D:6      | Reached XP level 10. HP: 52/73 MP: 12/20
  5958 | D:6      | Learned a level 4 spell: Olgreb's Toxic Radiance
  5962 | D:6      | Learned a level 3 spell: Ignite Poison
  6129 | D:6      | Reached skill level 5 in Fighting
  6129 | D:6      | Reached skill level 5 in Short Blades
  6129 | D:6      | Reached skill level 5 in Long Blades
  6129 | D:6      | Reached skill level 5 in Axes
  6129 | D:6      | Reached skill level 5 in Maces & Flails
  6129 | D:6      | Reached skill level 5 in Polearms
  6129 | D:6      | Reached skill level 5 in Staves
  6129 | D:6      | Reached skill level 5 in Slings
  6129 | D:6      | Reached skill level 5 in Bows
  6129 | D:6      | Reached skill level 5 in Crossbows
  6129 | D:6      | Reached skill level 5 in Throwing
  6129 | D:6      | Reached skill level 5 in Armour
  6129 | D:6      | Reached skill level 5 in Shields
  6129 | D:6      | Reached skill level 5 in Unarmed Combat
  6129 | D:6      | Reached skill level 5 in Evocations
  6347 | D:6      | Found a shimmering blue altar of Sif Muna.
  6470 | D:6      | Found a shadowy altar of Dithmenos.
  6601 | D:6      | Identified the +2 robe "Siusaz" {rN+ MP-9 Str+2 Stlth+}
  6719 | D:6      | You pick up a book of Debilitation and begin reading...
  6719 | D:6      | You add the spells Slow, Vampiric Draining and Confusing
                  | Touch to your library.
  6736 | D:6      | Noticed a two-headed ogre
  6744 | D:6      | Killed a two-headed ogre
  6745 | D:6      | Reached skill level 7 in Dodging
  7001 | D:7      | Noticed Joseph
  7010 | D:7      | Killed Joseph
  7011 | D:7      | Reached skill level 6 in Invocations
  7177 | D:7      | Reached skill level 7 in Stealth
  7183 | D:7      | Noticed a toenail golem
  7243 | D:7      | HP: 15/60 [wight (1)]
  7247 | D:7      | HP: 1/59 [wight (11)]
  7247 | D:7      | Slain by a wight

Vanquished Creatures
  A boulder beetle (D:6)
  A two-headed ogre (D:6)
  Pikel (D:4)
  Joseph (D:7)
  Prince Ribbit (D:5)
  A hornet (D:6)
  A wyvern (D:4)
  A steam dragon (D:6)
  5 water moccasins
  An orc warrior (D:6)
  2 sky beasts (D:6)
  An ice beast (D:5)
  A necrophage (D:5)
  An ogre (D:6)
  A lemure (D:4)
  2 centaurs
  A phantom (D:6)
  A kobold brigand (D:6)
  3 scorpions
  A wyvern skeleton (D:5)
  2 wights (D:7)
  2 howler monkeys
  3 bullfrog zombies
  2 jellies
  6 hounds
  A bullfrog skeleton (D:5)
  Natasha (thrice) (D:2)
  An iguana (D:6)
  An orc priest (D:3)
  4 orc wizards (D:6)
  Terence (D:2)
  A killer bee zombie (D:4)
  A howler monkey zombie (D:6)
  Robin (D:2)
  8 adders
  A howler monkey skeleton (D:3)
  2 white imps (D:6)
  An adder skeleton (D:4)
  A worm (D:3)
  21 orcs
  5 ball pythons
  9 endoplasms
  6 giant cockroaches
  15 goblins
  12 hobgoblins
  7 jackals
  3 quokkas
  8 bats
  A frilled lizard (D:1)
  9 kobolds
  7 rats
173 creatures vanquished.

Table legend:
 A = Non-vault XP
 B = Vault XP
 C = Vault XP percentage of total XP
 D = Non-vault monster count
 E = Vault monster count
 F = Vault count percentage of total count
                 A         B        C        D         E       F
            +---------+---------+-------+---------+---------+-------
      Total |    3785 |    3917 |  50.9 |     141 |      31 |  18.0
            +---------+---------+-------+---------+---------+-------
        D:1 |      35 |       0 |   0.0 |      20 |       0 |   0.0
        D:2 |     155 |     108 |  41.1 |      25 |      14 |  35.9
        D:3 |     142 |       7 |   4.7 |      33 |       4 |  10.8
        D:4 |     457 |     629 |  57.9 |      11 |       1 |   8.3
        D:5 |     919 |     300 |  24.6 |      15 |       1 |   6.2
        D:6 |    1444 |    2439 |  62.8 |      25 |      10 |  28.6
        D:7 |     633 |     434 |  40.7 |      12 |       1 |   7.7
            +---------+---------+-------+---------+---------+-------

Illustrated notes

Table legend:
 A = Kills in this place as a percentage of kills in entire the game.
 B = Kills by you in this place as a percentage of kills by you in the entire game.
 C = Kills by friends in this place as a percentage of kills by friends in the entire game.
 D = Other kills in this place as a percentage of other kills in the entire game.
 E = Experience gained in this place as a percentage of experience gained in the entire game.
 F = Experience gained in this place divided by the number of levels of this place that you have seen.
                   A       B       C       D       E      F
               +-------+-------+-------+-------+-------+----------------------
         Total | 100.0 | 100.0 |   N/A |   N/A | 100.0 | 770.2
       Dungeon | 100.0 | 100.0 |   N/A |   N/A | 100.0 | 855.8
               +-------+-------+-------+-------+-------+----------------------

Table legend: (Time is in decaauts)
 A = Elapsed time spent in this place.
 B = Non-inter-level travel time spent in this place.
 C = Inter-level travel time spent in this place.
 D = Time resting spent in this place.
 E = Time spent auto-exploring this place.
 F = Levels seen in this place.
 G = Mean time per level.
                   A        B        C        D        E       F      G
               +--------+--------+--------+--------+--------+-----+--------+
         Total |   7795 |   7159 |    636 |   1200 |   4311 |  10 |  779.5 |
       Dungeon |   7679 |   7056 |    623 |   1200 |   4249 |   9 |  853.2 |
        Temple |    116 |    103 |     13 |      0 |     62 |   1 |  116.0 |
               +--------+--------+--------+--------+--------+-----+--------+

Top non-repeatable levels by time:
     D:6: 1718 daAuts
     D:2: 1438 daAuts
     D:4: 1153 daAuts
     D:1: 1000 daAuts
     D:5: 923 daAuts
     D:3: 917 daAuts
     D:7: 486 daAuts
  Temple: 116 daAuts
     D:8: 23 daAuts
     D:9: 17 daAuts
